 Dungeon Crawl Stone Soup version 0.20-a0-3-g334f831 (webtiles) character file.

477 sveltemanboy the Poker (level 6, -1/67 HPs)
             Began as a Demonspawn Gladiator on Oct 30, 2016.
             Was a Follower of Okawaru.
             Killed by nerve-wracking pain
             ... invoked by an orc priest
              (11 damage)
             ... on level 5 of the Dungeon.
             The game lasted 00:07:44 (4066 turns).

sveltemanboy the Poker (Demonspawn Gladiator)       Turns: 4066, Time: 00:07:45

Health: -1/67      AC: 12    Str: 20 (21) XL:     6   Next: 85%
Magic:  8/8        EV: 10    Int:  8 (11) God:    Okawaru [*.....]
Gold:   220        SH:  0    Dex: 11 (13) Spells: 0 memorised, 5 levels left

rFire  . . .     SeeInvis .     a - +1 trident
rCold  + . .     Gourm    .     w - +3 scale mail
rNeg   . . .     Faith    .     (no shield)
rPois  .         Spirit   .     c - +1 helmet
rElec  .         Reflect  .     (no cloak)
rCorr  .         Harm     .     (no gloves)
MR     .....                    (no boots)
Stlth  ..........               (no amulet)
                                (no ring)
                                (no ring)

@: berserking, flying, very quick
A: rugged brown scales 1, cold resistance 1, demonic guardian 1, freezing cloud
immunity
a: Heroism, Renounce Religion


You were on level 5 of the Dungeon.
You worshipped Okawaru.
Okawaru was aware of your devotion.
You were hungry.

You visited 2 branches of the dungeon, and saw 6 of its levels.

You collected 220 gold pieces.

Inventory:

Hand Weapons
 a - a +1 trident (weapon)
Missiles
 v - 2 tomahawks (quivered)
Armour
 c - a +1 helmet (worn)
 w - a +3 scale mail (worn)
Jewellery
 b - an uncursed ring of ice
Scrolls
 e - a scroll of magic mapping
 m - 2 scrolls of identify
 n - 3 scrolls of teleportation
Potions
 i - a potion of degeneration
 j - a potion of agility
 l - a potion of beneficial mutation {unknown}
 p - a potion of cure mutation {unknown}
 u - a potion of lignification {unknown}
Comestibles
 d - a chunk of flesh
 f - 2 bread rations
 h - a meat ration
 k - 3 fruits
 r - a royal jelly


   Skills:
 - Level 2.0 Fighting
 * Level 5.9 Polearms
 - Level 1.7 Throwing
 - Level 3.0 Armour
 - Level 2.6 Dodging
 + Level 2.9 Invocations


You had 5 spell levels left.
You didn't know any spells.

Dungeon Overview and Level Annotations

Branches:
Dungeon (5/15)             Temple (1/1) D:4

Altars:
Ashenzari
Cheibriados
Elyvilon
Kikubaaqudgha
Nemelex Xobeh
Okawaru
Ru
Sif Muna
Trog
Uskayaw
Vehumet


Innate Abilities, Weirdness & Mutations

You are partially covered in rugged brown scales. (AC +1, +3% HP)
Your flesh is cold resistant. (rC+)
A weak demonic guardian rushes to your aid.
You are immune to freezing clouds.


Message History

You barely resist. You barely miss the orc priest.
The orc priest is severely wounded.
The orc priest hits you with a dagger.
* * * LOW HITPOINT WARNING * * *
It was a potion of flight.
You feel very buoyant.
You fly up into the air.
The orc priest hits you but does no damage.
It was a potion of degeneration.
There was something very wrong with that liquid.
You feel weakened.
You feel dopey.
You feel clumsy. The orc priest hits you with a dagger.
* * * LOW HITPOINT WARNING * * *
It was a potion of berserk rage.
A red film seems to cover your vision as you go berserk!
You feel yourself moving faster!
You feel mighty!
The orc priest calls down the wrath of Beogh upon you.
Pain shoots through your body!
You die...

#.........
.........#
....\$)s.#
........h#
.........#
...$...(s#########
.......55h.....s5#
.......o.#######o#
...$.....# #@#
.........# #.#
.........# #5#
.........# #.#
.........# #.#
........# #.# #.#
#.# #.#


You could see a scorpion, an orc priest, a shadow imp and a friendly iron imp.

Vanquished Creatures
  An ice beast (D:5)
  A hound (D:5)
  2 orc priests (D:3)
  2 orc wizards (D:4)
  An iguana (D:4)
  A worker ant (D:4)
  9 adders
  An adder skeleton (D:4)
  3 worms
  3 dart slugs
  5 leopard geckos
  2 orcs
  3 giant cockroaches
  12 goblins
  5 hobgoblins
  5 jackals
  4 kobolds
  A quokka (D:5)
  3 ball pythons
  9 bats
  6 frilled lizards
  3 rats (D:1)
82 creatures vanquished.

Vanquished Creatures (collateral kills)
  A howler monkey (D:5)
  A worker ant (D:4)
  An adder (D:4)
  3 orcs
6 creatures vanquished.

Grand Total: 88 creatures vanquished

Notes
Turn   | Place    | Note
-------+----------+-------------------------------------------
     0 | D:1      | sveltemanboy the Demonspawn Gladiator began the quest for the Orb.
     0 | D:1      | Reached XP level 1. HP: 16/16 MP: 1/1
    83 | D:1      | Reached skill level 3 in Polearms
   397 | D:1      | Gained mutation: A weak demonic guardian rushes to your aid. [demonic ancestry]
   397 | D:1      | Reached XP level 2. HP: 22/22 MP: 2/2
   728 | D:1      | Reached skill level 1 in Armour
   960 | D:2      | Reached XP level 3. HP: 26/27 MP: 3/3
  1253 | D:2      | Gained mutation: Your flesh is cold resistant. (rC+) [demonic ancestry]
  1253 | D:2      | Reached XP level 4. HP: 30/33 MP: 4/4
  1496 | D:2      | Found a radiant altar of Vehumet.
  1496 | D:2      | Found a sacrificial altar of Ru.
  1497 | D:2      | Found a hide-covered altar of Uskayaw.
  1736 | D:2      | Reached skill level 4 in Polearms
  2341 | D:3      | Found a snail-covered altar of Cheibriados.
  2356 | D:3      | Gained mutation: You are immune to freezing clouds. [demonic ancestry]
  2356 | D:3      | Reached XP level 5. HP: 24/38 MP: 5/5
  2919 | D:4      | Found a staircase to the Ecumenical Temple.
  2939 | Temple   | Entered the Ecumenical Temple
  2945 | Temple   | Became a worshipper of Warmaster Okawaru
  3029 | D:4      | Reached skill level 5 in Polearms
  3029 | D:4      | Reached skill level 1 in Invocations
  3049 | D:4      | Gained mutation: You are partially covered in rugged brown scales. (AC +1, +3% HP) [demonic ancestry]
  3049 | D:4      | Reached XP level 6. HP: 22/45 MP: 5/7
  3197 | D:4      | Found a shattered altar of Ashenzari.
  3350 | D:4      | Found a deep blue altar of Sif Muna.
  3704 | D:5      | Entered Level 5 of the Dungeon
  3721 | D:5      | Noticed an ice beast
  3739 | D:5      | Killed an ice beast
  3776 | D:5      | Reached * piety under Okawaru
  4066 | D:5      | Killed from afar by an orc priest

Vault maps used:
D:1:      evilmike_arrival_home_sweet_home
D:2:      gammafunk_temple_overflow_claw
D:3:      overflow_temple_1_default, first_bread, hangedman_glass_teeth
D:4:      lemuel_round_altar, cheibrodos_ashenzari_chains
Temple:   eino_temple_rhombus

Skill      XL: |  1  2  3  4  5  6 |
---------------+-------------------+-----
Polearms       | 3 4 5 |  5.9
Armour         | 1 2 3 |  3.0
Invocations    | 1 2 |  2.9
Fighting       | |  2.0
Throwing       | |  1.7
Dodging        | |  2.6

Action                   |  1- 3 |  4- 6 || total
-------------------------+-------+-------++-------
Melee: Trident           |   131 |   256 ||   387
Throw: Throwing net      |     4 |       ||     4
       Tomahawk          |       |     1 ||     1
  Use: Scroll            |     5 |     5 ||    10
       Potion            |       |     3 ||     3
 Stab: Distracted        |     1 |     1 ||     2
       Held in net/web   |     1 |       ||     1
  Eat: Chunk             |     1 |     9 ||    10
Armor: Leather armour    |    36 |    29 ||    65
       Scale mail        |       |    31 ||    31
Dodge: Dodged            |    76 |   104 ||   180
